 Dungeon Crawl Stone Soup version 0.26-a0-597-gb535b0901c (webtiles) character file.

Game seed: 16273359440206233603

48972 HoaS the Fighter (level 14, -6/121 HPs)
             Began as a Formicid Fighter on Aug 26, 2020.
             Was the Champion of Makhleb.
             Mangled by Kirke (18 damage)
             ... on level 12 of the Dungeon.
             The game lasted 00:38:34 (18567 turns).

HoaS the Fighter (Formicid Fighter)                Turns: 18567, Time: 00:38:35

Health: -6/121     AC:  0    Str: 25    XL:     14   Next: 89%
Magic:  14/14      EV: 13    Int:  9    God:    Makhleb [******]
Gold:   1193       SH:  0    Dex: 10    Spells: 13/13 levels left

rFire    . . .     SeeInvis .   (weapon currently unavailable)
rCold    . . .     Faith    .   (shield currently unavailable)
rNeg     . . .     Spirit   .   (armour currently unavailable)
rPois    .         Reflect  .   (helmet unavailable)
rElec    .         Harm     .   (cloak currently unavailable)
rCorr    .                      (gloves currently unavailable)
MR       +....                  (boots currently unavailable)
Stlth    +.........             (no amulet)
HPRegen  0.30/turn              (ring currently unavailable)
MPRegen  0.14/turn              (ring currently unavailable)

@: pig-form, very quick
A: small, permanent stasis, dig shafts and tunnels, four strong arms
a: Minor Destruction, Lesser Servant of Makhleb, Major Destruction, Greater
Servant of Makhleb, Renounce Religion


You were on level 12 of the Dungeon.
You worshipped Makhleb.
Makhleb was exalted by your worship.
You were a filthy swine.
You visited 3 branches of the dungeon, and saw 20 of its levels.

You collected 1193 gold pieces.

Inventory:

Hand Weapons
 a - a +1 quarterstaff (melded)
Armour
 f - a +1 pair of gloves (melded)
 k - a +0 kite shield (melded)
 r - a +0 cloak (melded)
 x - a +2 pair of boots (melded)
 A - a +0 plate armour (melded)
Jewellery
 o - a ring of protection from magic (melded)
 s - a +4 ring of protection (melded)
 w - an uncursed amulet of the acrobat
 D - the ring "Xaar" {rC+ Dex+3 SInv Stlth+}
   (You found it on level 1 of the Lair of Beasts)

   [ring of see invisible]

   It affects your dexterity (+3).
   It protects you from cold.
   It lets you see invisible.
   It makes you more stealthy.
Wands
 i - a wand of enslavement (6)
 q - a wand of polymorph (8)
 t - a wand of random effects (52)
 u - a wand of paralysis (16)
 v - a wand of digging (15)
 z - a wand of acid (23)
 C - a wand of flame (40)
Scrolls
 e - 2 scrolls of magic mapping
 g - 4 scrolls of fog
 n - 4 scrolls of enchant armour
 y - 13 scrolls of remove curse
Potions
 b - 2 potions of stabbing
 c - 4 potions of curing
 d - 2 potions of might
 h - 3 potions of flight
 j - 4 potions of mutation
 l - a potion of invisibility
 m - 4 potions of cancellation {unknown}
 p - 3 potions of heal wounds
 B - a potion of experience {unknown}


   Skills:
 * Level 14.4 Fighting
 * Level 14.3 Staves
 * Level 14.4 Armour
 + Level 9.5 Shields


You had 13 spell levels left.
You didn't know any spells.
Your spell library contained the following spells:

 Spells                   Type           Power        Failure   Level
 Animate Skeleton         Necr           #.....       38%         1
 Corona                   Hex            #......      38%         1
 Pain                     Necr           #...         38%         1
 Ensorcelled Hibernation  Hex/Ice        #.....       52%         2
 Confusing Touch          Hex            #.......     77%         3
 Dazzling Flash           Conj/Hex       #.....       77%         3
 Tukima's Dance           Hex            #.......     77%         3
 Vampiric Draining        Necr           #.........   77%         3
 Animate Dead             Necr           #.........   99%         4
 Agony                    Necr           #.......     100%        5
 Borgnjor's Vile Clutch   Necr/Erth      #.........   100%        5
 Death Channel            Necr           #.........   100%        6
 Simulacrum               Ice/Necr       #.........   100%        6


Dungeon Overview and Level Annotations

Branches:
Dungeon (13/15)            Temple (1/1) D:4            Lair (6/6) D:8
  Swamp (0/4) Lair:3       Spider (0/4) Lair:3        Slime (0/5) Lair:6
    Orc: D:9-12      Vaults: D:13-14

Altars:
Ashenzari
Cheibriados
Dithmenos
Elyvilon
Fedhas
Gozag
Hepliaklqana
Kikubaaqudgha
Makhleb
Nemelex Xobeh
Okawaru
Qazlal
Ru
Sif Muna
Trog
Uskayaw
Vehumet
Wu Jian
Xom
Yredelemnul
Zin
The Shining One

Shops:
D:9 :?   D:11 [   D:12 (

Annotations:
D:12 Kirke
D:13 Nessos
Lair:5 exclusion: 4 oklob plants
Lair:6 exclusion: 2 oklob plants


Innate Abilities, Weirdness & Mutations

You cannot be hasted, slowed, berserked, paralysed or teleported.
You can dig through walls and to a lower floor.
Your four strong arms can wield two-handed weapons with a shield.
((You have a pair of large antennae on your head. (SInv)))


Message History

The orc hits you with a +0 dagger. Kirke hits you!
* * * LOW HITPOINT WARNING * * *
You hit Kirke.
Kirke is heavily wounded.
The orc hits you with a +0 dagger.
* * * LOW HITPOINT WARNING * * *
Kirke hits you.
* * * LOW HITPOINT WARNING * * *
You hit Kirke.
Kirke is heavily wounded.
The orc closely misses you.
You barely miss Kirke.
Kirke is heavily wounded.
Kirke hits you.
* * * LOW HITPOINT WARNING * * *
The orc closely misses you.
You hit Kirke.
Kirke is heavily wounded.
Kirke hits you!!
You die...

..........# #...#
..........# #...#
.....^....# #...#
>.........#
..........# #
.........)# .#
#......># ..#
#.....oh###...###
#.....ha@ho......
#.....o####..####
#...$..# .#
#......# #
#......# #..#####
#.. { #.. { {{ #.
{{{


You could see Kirke, 2 hogs, a worker ant, an orc wizard and 2 orcs.

Vanquished Creatures
  5 hydras
  3 catoblepae
  3 two-headed ogres
  12 death yaks
  A deep troll shaman (Lair:6)
  A fire crab (Lair:6)
  A lindwurm (Lair:6)
  A wolf spider zombie (D:11)
  A manticore (D:11)
  A cyclops (D:11)
  11 elephants
  5 black mambas
  Maggie (D:7)
  4 cane toads
  2 komodo dragons
  A demonic crawler (Lair:2)
  A rime drake (Lair:5)
  A troll (D:11)
  3 polar bears (Lair:6)
  5 slime creatures (D:12)
  A hornet (D:11)
  18 blink frogs
  Prince Ribbit (D:7)
  5 dream sheep (Lair:6)
  4 hippogriffs
  2 basilisks
  23 yaks
  A hog (D:12)
  4 wyverns
  2 vampire mosquitoes (D:12)
  A soldier ant (D:11)
  Duvessa (D:4)
  11 water moccasins
  10 porcupines
  4 black bears
  5 orc warriors
  A sky beast (D:6)
  6 ice beasts
  2 phantoms
  14 wolves
  7 ogres
  5 centaurs
  8 crocodiles
  3 big kobolds
  18 bullfrogs
  Dowan (D:4)
  A water moccasin zombie (D:9)
  A water moccasin skeleton (D:5)
  8 scorpions
  8 killer bees (D:9)
  A howler monkey (D:4)
  15 wights
  6 electric eels (Lair:1)
  A bullfrog zombie (D:5)
  A centaur zombie (D:9)
  A quasit (D:10)
  Crazy Yiuf (D:7)
  5 hounds
  A bullfrog skeleton (D:12)
  11 orc priests
  Ijyb (D:4)
  3 jellies
  2 centaur skeletons
  3 iguanas
  7 hell rats (Lair:5)
  16 orc wizards
  12 worker ants
  A killer bee zombie (D:7)
  A hound zombie (D:7)
  3 gnolls (D:2)
  12 adders
  2 howler monkey skeletons
  A shadow imp (D:7)
  4 white imps
  5 ufetubi
  An ooze (D:2)
  An adder skeleton (D:5)
  2 adder zombies
  8 worms
  4 dart slugs
  5 leopard geckos
  63 orcs
  A ball python (D:2)
  6 giant cockroaches
  11 goblins
  6 hobgoblins
  17 jackals
  5 quokkas
  5 bats
  2 frilled lizards
  A giant cockroach zombie (D:6)
  21 kobolds
  A leopard gecko zombie (D:4)
  6 rats
521 creatures vanquished.

Vanquished Creatures (collateral kills)
  An adder (D:5)
1 creature vanquished.

Vanquished Creatures (others)
  A quokka (D:6)
  81 fungi
  65 plants
147 creatures vanquished.

Grand Total: 669 creatures vanquished

Notes
Turn   | Place    | Note
-------+----------+-------------------------------------------
     0 | D:1      | HoaS the Formicid Fighter began the quest for the Orb.
     0 | D:1      | Reached XP level 1. HP: 18/18 MP: 1/1
    35 | D:1      | Reached XP level 2. HP: 24/24 MP: 2/2
   291 | D:1      | Reached XP level 3. HP: 29/29 MP: 3/3
   760 | D:2      | Reached XP level 4. HP: 33/35 MP: 4/4
  1089 | D:2      | Reached XP level 5. HP: 41/41 MP: 5/5
  1264 | D:2      | Reached skill level 5 in Shields
  1787 | D:4      | Reached XP level 6. HP: 45/47 MP: 6/6
  1798 | D:4      | Reached skill level 5 in Staves
  1806 | D:4      | Noticed an ogre
  1815 | D:4      | Killed an ogre
  2079 | D:4      | Reached XP level 7. HP: 43/52 MP: 7/7
  2116 | D:4      | Found a staircase to the Ecumenical Temple.
  2121 | Temple   | Entered the Ecumenical Temple
  2223 | Temple   | Became a worshipper of Makhleb the Destroyer
  2390 | D:4      | Noticed Ijyb
  2411 | D:4      | Killed Ijyb
  2647 | D:4      | Noticed Dowan
  2648 | D:4      | Noticed Duvessa
  2759 | D:4      | Killed Duvessa
  2763 | D:4      | Killed Dowan
  3142 | D:5      | Entered Level 5 of the Dungeon
  3156 | D:5      | Reached XP level 8. HP: 42/58 MP: 8/8
  4018 | D:6      | Found a white marble altar of Elyvilon.
  4024 | D:6      | Reached XP level 9. HP: 48/64 MP: 9/9
  4059 | D:6      | Reached * piety under Makhleb
  4337 | D:7      | Noticed Prince Ribbit
  4720 | D:7      | Noticed Maggie
  4744 | D:7      | Killed Maggie
  5037 | D:7      | Found a runed translucent door.
  5194 | D:7      | Noticed Crazy Yiuf
  5319 | D:7      | Noticed a hippogriff
  5357 | D:7      | Reached skill level 10 in Staves
  5367 | D:7      | Killed a hippogriff
  5514 | D:7      | Killed Prince Ribbit
  5552 | D:7      | Reached XP level 10. HP: 60/70 MP: 10/10
  5748 | D:7      | Killed Crazy Yiuf
  5954 | D:8      | Reached ** piety under Makhleb
  6132 | D:8      | Found a staircase to the Lair.
  6233 | D:8      | Found a glowing golden altar of the Shining One.
  7104 | D:9      | Reached *** piety under Makhleb
  7270 | D:9      | Reached XP level 11. HP: 75/75 MP: 11/11
  7301 | D:9      | Found Fizohif's Book Boutique.
  7328 | D:9      | Found Nausche's Magic Scroll Shop.
  7703 | D:9      | Noticed a two-headed ogre
  7715 | D:9      | Killed a two-headed ogre
  7715 | D:9      | Reached skill level 5 in Fighting
  7715 | D:9      | Reached skill level 5 in Armour
  7850 | D:9      | Reached **** piety under Makhleb
  7951 | D:10     | Entered Level 10 of the Dungeon
  8001 | D:10     | Found an opulent altar of Gozag.
  8003 | D:10     | You fall into a shaft and drop 3 floors!
  8004 | D:13     | Noticed Nessos
  8033 | D:12     | Noticed a two-headed ogre
  8048 | D:12     | Killed a two-headed ogre
  8347 | D:11     | Found Corady's Antique Armour Shoppe.
  9030 | D:10     | Reached XP level 12. HP: 88/91 MP: 12/12
  9071 | D:10     | Reached ***** piety under Makhleb
  9409 | Lair:1   | Entered Level 1 of the Lair of Beasts
 10464 | Lair:1   | Got a wavering bronze ring
 10971 | Lair:2   | Identified the ring "Xaar" {rC+ Dex+3 SInv Stlth+} (You
                  | found it on level 1 of the Lair of Beasts)
 11651 | Lair:3   | Noticed a five-headed hydra
 11683 | Lair:2   | Killed a five-headed hydra
 11842 | Lair:3   | Reached skill level 10 in Fighting
 11848 | Lair:3   | Found a hole to the Spider Nest.
 11871 | Lair:3   | Reached skill level 10 in Armour
 11899 | Lair:3   | Noticed a seven-headed hydra
 11919 | Lair:3   | Killed a seven-headed hydra
 12078 | Lair:3   | Found a staircase to the Swamp.
 12681 | Lair:4   | Reached XP level 13. HP: 97/104 MP: 13/13
 14169 | Lair:5   | Noticed a catoblepas
 14188 | Lair:5   | Killed a catoblepas
 14534 | Lair:5   | Noticed an eight-headed hydra
 14555 | Lair:5   | Killed an eight-headed hydra
 14793 | Lair:5   | Noticed a six-headed hydra
 14813 | Lair:5   | Killed a six-headed hydra
 15119 | Lair:6   | Entered Level 6 of the Lair of Beasts
 15167 | Lair:6   | Found a shimmering altar of Xom.
 15249 | Lair:6   | Reached ****** piety under Makhleb
 15531 | Lair:6   | Noticed a catoblepas
 15589 | Lair:6   | Killed a catoblepas
 15613 | Lair:6   | Reached XP level 14. HP: 64/118 MP: 14/14
 16738 | Lair:6   | Found a staircase to the Slime Pits.
 18411 | D:12     | Found Enulu's Antique Weapon Boutique.
 18525 | D:12     | Noticed Kirke
 18567 | D:12     | Mangled by Kirke

Illustrated notes

Levels and vault maps discovered:
D:1:      saegor_arrival_simple_a, layout_rooms
D:2:      layout_loops_ring
D:3:      layout_rooms
D:4:      layout_loops_ring, temple_statues, uniq_duvessa, uniq_ijyb
D:5:      layout_rooms
D:6:      layout_rooms, elyvilon_altar_4, minmay_misc_feat_plants
D:7:      layout_gridville, uniq_maggie, uniq_prince_ribbit1,
          uniq_crazy_yiuf_cottage
D:8:      layout_gridville, due_lair_maze_entry_diamond, tso_metal_star
D:9:      layout_long_grid, special_room [special_room_orc], serial_shops,
          nicolae_shop_crystal, shop, nrook_uturn
D:10:     layout_rooms, basic_altar, serial_park_tiny_2,
          minmay_misc_feat_secret_circle
D:11:     layout_loops_ring, serial_shops, shop, hangedman_pestilent_swarm,
          kennysheep_generic_room_2
D:12:     layout_long_grid, hiddenorc2_lemuel, serial_shops, shop, uniq_kirke
D:13:     layout_cave_pools, uniq_nessos
Temple:   roderic_octagonal_lattice_temple
Lair:1:   layout_concentric_octagons, serial_bayou_pond_b,
          nicolae_quartered_pool_super, serial_bayou_shore_a,
          lemuel_fruit_fields
Lair:2:   layout_regular_city, minivault_19
Lair:3:   layout_hall_layers, swamp_mist_pool, nicolae_spider_entry_non_spiders
Lair:4:   layout_roguey, st_stairs_12
Lair:5:   layout_regular_city, minmay_lair_oklob_chamber
Lair:6:   grunt_lair_end_beastmaster, layout_gridlike,
          minmay_slime_entry_oklob_open, basic_altar, lemuel_fruit_tree

Skill      XL: |  1  2  3  4  5  6  7  8  9 10 11 12 13 14 |
---------------+-------------------------------------------+-----
Shields        | 4 5 6 8 9 |  9.5
Staves         | 3 4 5 7 8 11 13 14 | 14.3
Fighting       | 7 10 13 14 | 14.4
Armour         | 7 10 13 14 | 14.4

Action                   |  1- 3 |  4- 6 |  7- 9 | 10-12 | 13-15 || total
-------------------------+-------+-------+-------+-------+-------++-------
Melee: Quarterstaff      |    97 |   169 |   405 |  1314 |  1215 ||  3200
       Unarmed           |       |       |       |       |    19 ||    19
 Abil: Dig               |       |       |       |     4 |     9 ||    13
Evoke: Wand              |       |       |       |     2 |       ||     2
  Use: Scroll            |     2 |     4 |     6 |     9 |     9 ||    30
       Potion            |       |       |       |     2 |     1 ||     3
 Stab: Distracted        |       |       |     1 |       |       ||     1
       Invisible         |       |       |       |     1 |       ||     1
Armor: Scale mail        |    47 |       |       |       |       ||    47
       Chain mail        |     7 |    70 |   144 |   175 |       ||   396
       Plate armour      |       |       |       |   313 |   434 ||   747
Dodge: Dodged            |    38 |    34 |    81 |   260 |   181 ||   594
Block: Kite shield       |    69 |    65 |   199 |   583 |   413 ||  1329

Table legend: (Time is in decaauts)
 A = Elapsed time spent in this place.
 B = Non-inter-level travel time spent in this place.
 C = Inter-level travel time spent in this place.
 D = Time resting spent in this place.
 E = Time spent auto-exploring this place.
 F = Levels seen in this place.
 G = Mean time per level.
                   A        B        C        D        E       F      G
               +--------+--------+--------+--------+--------+-----+--------+
         Total |  17570 |  16875 |    695 |   4205 |   8236 |  20 |  878.5 |
       Dungeon |   9656 |   9240 |    416 |   2006 |   4499 |  13 |  742.8 |
        Temple |    238 |    219 |     19 |      0 |    213 |   1 |  238.0 |
          Lair |   7675 |   7416 |    259 |   2199 |   3524 |   6 | 1279.2 |
               +--------+--------+--------+--------+--------+-----+--------+

Top non-repeatable levels by time:
  Lair:6: 2140 daAuts
     D:7: 1403 daAuts
  Lair:1: 1385 daAuts
  Lair:5: 1366 daAuts
     D:4: 1155 daAuts
     D:9: 1025 daAuts
  Lair:4: 984 daAuts
  Lair:2: 919 daAuts
    D:11: 885 daAuts
  Lair:3: 878 daAuts
     D:8: 821 daAuts
     D:5: 775 daAuts
     D:1: 697 daAuts
     D:2: 668 daAuts
     D:6: 661 daAuts
